 Dungeon Crawl Stone Soup version 0.24-a0-779-g36f0aeb843 (webtiles) character file.

Game seed: 9524853453914940420, levelgen mode: deterministic

5901 Kohma the Protected (level 10, -6/82 HPs)
             Began as a Gnoll Wanderer on Oct 8, 2019.
             Was a High Priest of Okawaru.
             Mangled by a komodo dragon (23 damage)
             ... on level 9 of the Dungeon.
             The game lasted 00:22:53 (9119 turns).

Kohma the Protected (Gnoll Wanderer)                Turns: 9119, Time: 00:22:54

Health: -6/82      AC: 18    Str: 16    XL:     10   Next: 82%
Magic:  18/18      EV:  4    Int: 16    God:    Okawaru [*****.]
Gold:   519        SH: 18    Dex: 15    Spells: 20/20 levels left

rFire    + . .     SeeInvis .   E - +2 trident (venom)
rCold    + + .     Gourm    .   C - +0 large shield
rNeg     . . .     Faith    .   D - +0 plate armour of the Depths {rF+ rC+} (curse)
rPois    .         Spirit   .   (no helmet)
rElec    .         Reflect  +   i - +1 cloak
rCorr    .         Harm     .   m - +0 pair of gloves
MR       .....                  (no boots)
Stlth    ..........             v - +4 amulet of reflection
HPRegen  0.23/turn              (no ring)
MPRegen  0.16/turn              x - ring of protection from cold

@: studying Long Blades
A: distributed training, fangs 1, strong nose
a: Heroism, Finesse, Renounce Religion


You were on level 9 of the Dungeon.
You worshipped Okawaru.
Okawaru was extremely pleased with you.
You were not hungry.

You visited 2 branches of the dungeon, and saw 10 of its levels.
You also visited: Sewer.

You collected 519 gold pieces.

Inventory:

Hand Weapons
 a - a +1 shortbow
 b - a +0 war axe of venom
 E - a +2 trident of venom (weapon)
 O - a +2 falchion of freezing
Missiles
 d - 147 arrows
 j - 56 sling bullets
 q - 41 bolts
 u - 19 poisoned darts (quivered)
Armour
 c - a +2 scale mail
 i - a +1 cloak (worn)
 l - a scarf of cloud immunity
 m - a +0 pair of gloves (worn)
 C - a +0 large shield (worn)
 D - the cursed +0 plate armour of the Depths (worn) {rF+ rC+}
   (You found it on level 6 of the Dungeon)

   It protects you from fire.
   It protects you from cold.
   It has a curse placed upon it.
Magical Staves
 t - a cursed staff of energy {unknown}
Jewellery
 v - a +4 amulet of reflection (around neck)
 w - an uncursed ring of ice
 x - a ring of protection from cold (right hand)
Wands
 N - a wand of acid (7)
Scrolls
 e - 3 scrolls of teleportation
 g - a scroll of magic mapping
 k - a scroll of identify
 n - 5 scrolls of fog
 p - 4 scrolls of amnesia
 y - a scroll of summoning
 z - 3 scrolls of remove curse
 A - 2 scrolls of enchant weapon
 B - 2 scrolls of enchant armour
Potions
 h - 5 potions of flight
 o - 4 potions of heal wounds
 r - 3 potions of curing
 s - 2 potions of haste
 F - 2 potions of invisibility {unknown}
 G - a potion of resistance
 H - a potion of mutation {unknown}
 I - a potion of brilliance {unknown}
 J - a potion of agility {unknown}
Books
 M - a manual of Long Blades
Miscellaneous
 K - a lamp of fire
 L - a sack of spiders
Comestibles
 f - 27 rations
 P - 6 chunks of flesh


   Skills:
 + Level 8.7 Fighting
 + Level 5.5 Short Blades
 + Level 6.1 Long Blades
 + Level 5.5 Axes
 + Level 5.5 Maces & Flails
 + Level 5.5 Polearms
 + Level 5.5 Staves
 + Level 5.5 Slings
 + Level 6.2 Bows
 + Level 5.5 Crossbows
 + Level 5.5 Throwing
 + Level 10.1 Armour
 + Level 5.5 Dodging
 + Level 7.0 Stealth
 + Level 5.5 Shields
 + Level 5.5 Unarmed Combat
 + Level 5.5 Spellcasting
 + Level 4.5 Conjurations
 + Level 4.5 Hexes
 + Level 4.5 Charms
 + Level 4.5 Summonings
 + Level 4.5 Necromancy
 + Level 4.5 Translocations
 + Level 4.5 Transmutations
 + Level 4.5 Fire Magic
 + Level 4.5 Ice Magic
 + Level 4.5 Air Magic
 + Level 4.5 Earth Magic
 + Level 4.5 Poison Magic
 + Level 6.1 Invocations
 + Level 5.5 Evocations


You had 20 spell levels left.
You didn't know any spells.
Your spell library contained the following spells:

 Spells                   Type           Power        Failure   Level  Hunger
 Corona                   Hex            ###....      100%        1    None
 Ensorcelled Hibernation  Hex/Ice        ###...       100%        2    #......
 Confuse                  Hex            ###.....     100%        3    ###....
 Dazzling Spray           Conj/Hex       ###...       100%        3    ###....
 Tukima's Dance           Hex            ###.....     100%        3    ###....


Dungeon Overview and Level Annotations

Branches:
Dungeon (9/15)             Temple (1/1) D:5             Orc (0/2) D:9
  Sewer (visited)
   Lair: D:8-11

Altars:
Ashenzari
Cheibriados
Dithmenos
Elyvilon
Fedhas
Gozag
Hepliaklqana
Kikubaaqudgha
Makhleb
Nemelex Xobeh
Okawaru
Qazlal
Ru
Sif Muna
Trog
Uskayaw
Vehumet
Wu Jian
Xom
Yredelemnul
Zin
The Shining One
Beogh

Annotations:
D:8 3 runed translucent doors, glosham's ghost, novice KoAK


Innate Abilities, Weirdness & Mutations

Your experience applies equally to all skills.
You have very sharp teeth.
Your uncanny sense of smell can sniff out nearby items.


Message History

You block the quasit's attack.
You miss the quasit.
The quasit is severely wounded.
The quasit bites you but does no damage.
You block the quasit's attack. x2
You hit the quasit.
The quasit is almost dead.
You kill the quasit!
Okawaru accepts your kill.
You puncture the komodo dragon!
The komodo dragon is almost dead.
The komodo dragon bites you!
* * * LOW HITPOINT WARNING * * *
The komodo dragon hisses menacingly.
The komodo dragon bites you but does no damage.
You hit the komodo dragon but do no damage.
You bite the komodo dragon, but do no damage.
The komodo dragon is almost dead.
The komodo dragon bites you!!
You die...

∆ ### ## ## ### #.###...# .#
..###....#... #### ##.#......#..
...### ## ####.#..........
###..###.####....÷..........
##....###......t.##.###..#
##.........###l#.### #
#######.##.#@.###
##################### #######
#...................#######'##...
#..##...............#............
#..##...............#...<........
#..##........########............
#..##........#.....##............
#............#.....##############
#>...........#.....########## #.


You could see a komodo dragon and a crocodile.

Vanquished Creatures
  Erolcha (D:9)
  Pikel (D:6)
  A troll (D:9)
  A spriggan (D:8)
  A wyvern (D:9)
  5 yaks (D:9)
  A hungry ghost (D:4)
  A warg (D:9)
  An acid dragon (D:9)
  4 ice beasts
  3 ogres
  An orc warrior (D:7)
  2 centaurs
  2 crocodiles (D:9)
  A big kobold (Sewer)
  5 bullfrogs
  A gnoll sergeant (D:9)
  4 scorpions
  4 killer bees (D:9)
  4 wights (D:8)
  3 howler monkeys (D:7)
  2 crimson imps
  2 bullfrog zombies (D:8)
  2 quasits
  8 orc priests
  A bullfrog skeleton (D:5)
  6 hounds
  Jessica (D:3)
  2 iguanas
  3 orc wizards
  3 worker ants
  A hound zombie (D:7)
  A hound skeleton (D:8)
  3 gnolls (D:9)
  2 adders
  An ooze (D:1)
  2 worms
  An adder skeleton (D:5)
  2 leopard geckos (D:1)
  22 orcs
  3 giant cockroaches
  3 goblins
  2 hobgoblins
  7 jackals
  4 quokkas
  A ball python (D:4)
  13 bats
  10 frilled lizards
  A jackal skeleton (D:4)
  14 kobolds
  A quokka skeleton (D:4)
  30 rats
  A bush (D:5)
202 creatures vanquished.

Vanquished Creatures (others)
  A sky beast (D:6)
  2 iguanas (D:6)
  2 shadow imps (D:6)
  2 jackals (D:6)
  A quokka (D:6)
8 creatures vanquished.

Grand Total: 210 creatures vanquished

Notes
Turn   | Place    | Note
-------+----------+-------------------------------------------
     0 | D:1      | Kohma the Gnoll Wanderer began the quest for the Orb.
     0 | D:1      | Kohma set off with the following items: a +0 shortbow, a
                  | scroll of teleportation, a +2 scale mail, 23 arrows, a +0
                  | dagger, a ration
     0 | D:1      | Reached XP level 1. HP: 23/23 MP: 1/1
   128 | D:1      | Reached XP level 2. HP: 29/29 MP: 2/2
   499 | D:1      | Reached XP level 3. HP: 35/35 MP: 3/3
   961 | D:2      | Reached skill level 1 in Invocations
  1177 | D:2      | Reached skill level 1 in Short Blades
  1177 | D:2      | Reached skill level 1 in Long Blades
  1177 | D:2      | Reached skill level 1 in Axes
  1177 | D:2      | Reached skill level 1 in Maces & Flails
  1177 | D:2      | Reached skill level 1 in Polearms
  1177 | D:2      | Reached skill level 1 in Staves
  1177 | D:2      | Reached skill level 1 in Slings
  1177 | D:2      | Reached skill level 1 in Crossbows
  1177 | D:2      | Reached skill level 1 in Throwing
  1177 | D:2      | Reached skill level 1 in Dodging
  1177 | D:2      | Reached skill level 1 in Shields
  1177 | D:2      | Reached skill level 1 in Unarmed Combat
  1177 | D:2      | Reached skill level 1 in Spellcasting
  1177 | D:2      | Reached skill level 1 in Evocations
  1398 | D:2      | Found a glowing silver altar of Zin.
  1494 | D:2      | Reached XP level 4. HP: 41/41 MP: 5/5
  2009 | D:3      | Noticed Jessica
  2020 | D:3      | Killed Jessica
  2020 | D:3      | Reached skill level 1 in Conjurations
  2020 | D:3      | Reached skill level 1 in Hexes
  2020 | D:3      | Reached skill level 1 in Charms
  2020 | D:3      | Reached skill level 1 in Summonings
  2020 | D:3      | Reached skill level 1 in Necromancy
  2020 | D:3      | Reached skill level 1 in Translocations
  2020 | D:3      | Reached skill level 1 in Transmutations
  2020 | D:3      | Reached skill level 1 in Fire Magic
  2020 | D:3      | Reached skill level 1 in Ice Magic
  2020 | D:3      | Reached skill level 1 in Air Magic
  2020 | D:3      | Reached skill level 1 in Earth Magic
  2020 | D:3      | Reached skill level 1 in Poison Magic
  2217 | D:3      | Reached XP level 5. HP: 37/47 MP: 5/7
  2894 | D:4      | Found a glowing drain.
  2949 | Sewer    | Entered a sewer
  3027 | Sewer    | Noticed a big kobold
  3072 | Sewer    | Reached XP level 6. HP: 16/53 MP: 8/8
  3345 | Sewer    | Found a white marble altar of Elyvilon.
  3901 | D:4      | Noticed a hungry ghost
  3920 | D:4      | Killed a hungry ghost
  3920 | D:4      | Reached XP level 7. HP: 43/60 MP: 10/10
  4416 | D:5      | Entered Level 5 of the Dungeon
  4457 | D:5      | Found a staircase to the Ecumenical Temple.
  4469 | Temple   | Entered the Ecumenical Temple
  4560 | Temple   | Became a worshipper of Warmaster Okawaru
  4772 | D:5      | Reached skill level 5 in Stealth
  4784 | D:5      | Reached skill level 9 in Armour
  4957 | D:5      | Reached XP level 8. HP: 67/67 MP: 12/12
  5287 | D:6      | Noticed Pikel
  5307 | D:6      | Killed Pikel
  5315 | D:6      | Got a scorched plate armour
  5465 | D:6      | Identified the cursed +0 plate armour of the Depths {rF+
                  | rC+} (You found it on level 6 of the Dungeon)
  5479 | D:6      | Reached * piety under Okawaru
  5550 | D:6      | Reached XP level 9. HP: 42/72 MP: 14/14
  6569 | D:7      | Reached ** piety under Okawaru
  6806 | D:8      | Reached skill level 5 in Bows
  6840 | D:8      | Found a runed translucent gate.
  6841 | D:8      | Found a runed translucent gate.
  6842 | D:8      | Identified the +5 morningstar of the End {pain, rF- Str+4
                  | Int+2}
  6842 | D:8      | Identified the +1 chain mail of Feasting {rC- Regen+ Int+6
                  | Dex+2}
  6843 | D:8      | Found a roughly hewn altar of Beogh.
  6843 | D:8      | Found a runed translucent gate.
  6844 | D:8      | Noticed glosham's ghost (novice KoAK)
  7322 | D:8      | Reached skill level 5 in Invocations
  7364 | D:8      | Reached *** piety under Okawaru
  7693 | D:9      | Reached XP level 10. HP: 80/80 MP: 17/17
  7811 | D:9      | Found a staircase to the Orcish Mines.
  7907 | D:9      | Noticed Erolcha
  7925 | D:9      | Killed Erolcha
  7925 | D:9      | Reached **** piety under Okawaru
  7925 | D:9      | Reached skill level 5 in Short Blades
  7925 | D:9      | Reached skill level 5 in Long Blades
  7925 | D:9      | Reached skill level 5 in Axes
  7925 | D:9      | Reached skill level 5 in Maces & Flails
  7925 | D:9      | Reached skill level 5 in Polearms
  7925 | D:9      | Reached skill level 5 in Staves
  7925 | D:9      | Reached skill level 5 in Slings
  7925 | D:9      | Reached skill level 5 in Crossbows
  7925 | D:9      | Reached skill level 5 in Throwing
  7925 | D:9      | Reached skill level 5 in Dodging
  7925 | D:9      | Reached skill level 5 in Shields
  7925 | D:9      | Reached skill level 5 in Unarmed Combat
  7925 | D:9      | Reached skill level 5 in Spellcasting
  7925 | D:9      | Reached skill level 5 in Evocations
  8106 | D:9      | Reached skill level 10 in Armour
  9110 | D:9      | Reached ***** piety under Okawaru
  9119 | D:9      | Mangled by a komodo dragon

Levels and vault maps discovered:
D:1:      dpeg_arrival_chase, layout_basic, palyth_stone_intersect
D:2:      layout_loops_corners, lemuel_doored_altar, first_ration,
          chequers_serial_rivers_micro_e, minmay_misc_feat_x, minmay_rat_hole
D:3:      layout_rooms, uniq_jessica
D:4:      layout_basic, cheibrodos_sewer_entry_drain, corner_web_ring
D:5:      layout_cave_pools, temple_fountains, kb_lookout_dungeons_type
D:6:      layout_basic, uniq_pikel
D:7:      layout_basic
D:8:      layout_loops_ring, biasface_ghost_orc_armoury,
          chequers_serial_rivers_small_3, the_bakery, st_stairs_5
D:9:      layout_stronghold, erik_lair_dragon, david_orc_3, serial_rivers,
          chequers_serial_rivers_large_a, chequers_serial_rivers_micro_c,
          chequers_serial_rivers_micro_c, chequers_serial_rivers_room_b,
          uniq_erolcha
Temple:   kilobyte_greek_temple

Skill      XL: |  1  2  3  4  5  6  7  8  9 10 |
---------------+-------------------------------+-----
Invocations    | 1 2 3 4 5 6 |  6.1
Short Blades   | 1 2 3 4 5 |  5.5
Long Blades    | 1 2 3 4 6 |  6.1
Axes           | 1 2 3 4 5 |  5.5
Maces & Flails | 1 2 3 4 5 |  5.5
Polearms       | 1 2 3 4 5 |  5.5
Staves         | 1 2 3 4 5 |  5.5
Slings         | 1 2 3 4 5 |  5.5
Crossbows      | 1 2 3 4 5 |  5.5
Throwing       | 1 2 3 4 5 |  5.5
Dodging        | 1 2 3 4 5 |  5.5
Shields        | 1 2 3 4 5 |  5.5
Unarmed Combat | 1 2 3 4 5 |  5.5
Spellcasting   | 1 2 3 4 5 |  5.5
Evocations     | 1 2 3 4 5 |  5.5
Conjurations   | 1 2 3 4 |  4.5
Hexes          | 1 2 3 4 |  4.5
Charms         | 1 2 3 4 |  4.5
Summonings     | 1 2 3 4 |  4.5
Necromancy     | 1 2 3 4 |  4.5
Translocations | 1 2 3 4 |  4.5
Transmutations | 1 2 3 4 |  4.5
Fire Magic     | 1 2 3 4 |  4.5
Ice Magic      | 1 2 3 4 |  4.5
Air Magic      | 1 2 3 4 |  4.5
Earth Magic    | 1 2 3 4 |  4.5
Poison Magic   | 1 2 3 4 |  4.5
Bows           | 3 4 5 6 |  6.2
Fighting       | 7 8 |  8.7
Stealth        | 5 6 7 |  7.0
Armour         | 9 10 | 10.1

Action                   |  1- 3 |  4- 6 |  7- 9 | 10-12 || total
-------------------------+-------+-------+-------+-------++-------
Melee: Dagger            |    38 |       |       |       ||    38
       Bite              |     7 |     4 |    57 |    12 ||    80
       Long sword        |       |    32 |       |       ||    32
       War axe           |       |       |   126 |       ||   126
       Punch             |       |       |     1 |       ||     1
       Trident           |       |       |   263 |   156 ||   419
 Fire: Shortbow          |    93 |   159 |     6 |       ||   258
  Use: Scroll            |       |    11 |     6 |       ||    17
       Potion            |       |     1 |       |     3 ||     4
 Stab: Sleeping          |       |       |     2 |       ||     2
  Eat: Chunk             |     1 |     9 |    13 |     5 ||    28
       Ration            |       |     2 |       |       ||     2
Armor: Scale mail        |    62 |    56 |    45 |       ||   163
       Plate armour      |       |       |    83 |    78 ||   161
Dodge: Dodged            |    52 |    53 |    62 |    25 ||   192
Block: Large shield      |       |       |   209 |   183 ||   392
       Reflection        |       |       |     1 |       ||     1
       Rpst.: Long sword |       |     8 |       |       ||     8

Table legend:
 A = Non-vault XP
 B = Vault XP
 C = Vault XP percentage of total XP
 D = Non-vault monster count
 E = Vault monster count
 F = Vault count percentage of total count
                 A         B        C        D         E       F
            +---------+---------+-------+---------+---------+-------
      Total |    5440 |    2991 |  35.5 |     151 |      50 |  24.9
            +---------+---------+-------+---------+---------+-------
        D:1 |      51 |       0 |   0.0 |      29 |       0 |   0.0
        D:2 |      21 |      20 |  48.8 |      16 |      19 |  54.3
        D:3 |     143 |      37 |  20.6 |      15 |       1 |   6.2
        D:4 |     456 |       2 |   0.4 |      15 |       2 |  11.8
        D:5 |     428 |     110 |  20.4 |      11 |       1 |   8.3
        D:6 |     455 |     651 |  58.9 |      12 |       1 |   7.7
        D:7 |     721 |       0 |   0.0 |      15 |       0 |   0.0
        D:8 |    1174 |     257 |  18.0 |      21 |       3 |  12.5
        D:9 |    1991 |    1800 |  47.5 |      17 |      12 |  41.4
      Sewer |       0 |     114 | 100.0 |       0 |      11 | 100.0
            +---------+---------+-------+---------+---------+-------
